Map: Sanctuary III LE

Players

Heaven

  • Race: Protoss Protoss
  • League: Grandmaster

Mabadi - Winner!

  • Race: Terran Terran
  • League: Grandmaster

VOD

Have the link to the VOD?

Description

Time

  • Played on: July 5, 2026, 11:04 a.m.
  • Length: 10:05
Show
View Real Time Build Order
Export as new Build Order

Heaven Protoss 

Build Orders: 1 Gate Expand, Phoenix Opening 

Get SALT Encoding   

  8  0:00  Probe  
  9  0:13  Probe (Chrono Boost)  
  10  0:23  Probe (Chrono Boost)  
  10  0:28  Probe (Chrono Boost)  
  12  0:36  Pylon  
  12  0:39  Probe  
  13  0:54  Probe  
  13  0:56  Gateway  
  14  1:06  Probe  
  15  1:18  Probe  
  16  1:36  Nexus  
  16  1:44  Assimilator  
  17  1:53  Cybernetics Core  
  16  1:56  Probe  
  17  2:01  Assimilator  
  17  2:08  Probe  
  17  2:14  Pylon  
  18  2:21  Probe  
  19  2:31  Stalker (Chrono Boost)  
  19  2:33  Probe (Chrono Boost)  
  22  2:41  Warp Gate  
  22  2:43  Probe (Chrono Boost)  
  23  2:47  Probe (Chrono Boost)  
  23  2:48  Probe (Chrono Boost)  
  25  3:01  Probe x2 (Chrono Boost)  
  25  3:02  Sentry  
  25  3:05  Phoenix  
  31  3:13  Probe (Chrono Boost)  
  31  3:16  Probe (Chrono Boost)  
  31  3:18  Probe (Chrono Boost)  
  32  3:23  Probe  
  32  3:25  Gateway  
  33  3:27  Probe  
  33  3:32  Stalker  
  36  3:35  Probe  
  36  3:39  Probe  
  38  3:44  Pylon  
  38  3:47  Probe  
  39  3:51  Probe  
  40  3:59  Probe  
  40  4:01  Nexus  
  41  4:03  Probe  
  42  4:10  Pylon  
  42  4:12  Probe  
  42  4:15  Probe  
  44  4:17  Twilight Council  
  45  4:24  Probe (Chrono Boost)  
  45  4:28  Probe (Chrono Boost)  
  46  4:35  Assimilator  
  46  4:36  Probe (Chrono Boost), Pylon  
  46  4:38  Stalker x2  
  52  4:40  Probe (Chrono Boost)  
  52  4:44  Probe (Chrono Boost)  
  52  4:45  Probe (Chrono Boost)  
  53  4:50  Probe  
  55  4:54  Probe  
  55  4:55  Charge (Chrono Boost)  
  56  5:02  Probe  
  56  5:04  Gateway x2  
  56  5:06  Probe  
  56  5:14  Probe  
  56  5:18  Probe  
  58  5:26  Probe  
  57  5:28  Probe  
  57  5:30  Probe  
  59  5:38  Probe  
  59  5:40  Probe  
  59  5:41  Pylon  
  59  5:42  Probe  
  62  5:50  Probe  
  62  5:52  Probe  
  62  5:53  Gateway  
  62  5:55  Gateway  
  64  5:57  Gateway  
  64  5:59  Gateway  
  64  6:04  Gateway  
  62  6:14  Probe  
  63  6:21  Probe  
  63  6:22  Probe  
  63  6:23  Gateway  
  65  6:27  Zealot x2, Blink (Chrono Boost)  
  65  6:29  Pylon  
  65  6:32  Probe  
  70  6:33  Probe  
  70  6:34  Probe  
  70  6:35  Assimilator  
  70  6:39  Templar Archives  
  72  6:41  Pylon  
  72  6:42  Zealot  
  72  6:43  Zealot  
  76  6:49  Sentry x2  
  76  6:51  Zealot x2  
  76  6:52  Zealot  
  86  6:54  Pylon  
  86  6:58  Sentry x2  
  90  7:02  Shield Battery, Pylon  
  90  7:03  Zealot  
  90  7:06  Zealot x2  
  96  7:09  Pylon  
  96  7:10  Pylon  
  95  7:22  Zealot x4  
  101  7:24  Stalker  
  89  7:30  Stalker x2  
  89  7:31  Zealot  
  89  7:36  Zealot  
  68  7:44  Zealot x4  
  68  7:48  Psionic Storm  
  67  7:56  Zealot x4  
  69  8:03  Stalker  
  69  8:08  Stalker x2  
  69  8:09  Stalker  
  73  8:15  Probe (Chrono Boost)  
  76  8:21  Probe (Chrono Boost)  
  76  8:23  Probe (Chrono Boost)  
  77  8:27  High Templar  
  77  8:28  Probe (Chrono Boost)  
  77  8:29  High Templar  
  77  8:30  Zealot x3  
  87  8:35  Zealot x2  
  87  8:38  Zealot  
  87  8:39  Zealot  
  91  8:54  Zealot x3  
  97  8:59  High Templar  
  97  9:01  High Templar  
  100  9:03  Zealot x4  
  100  9:05  Archon  
  100  9:08  Zealot  
  108  9:16  Zealot x3  
  98  9:27  High Templar  
  98  9:29  Zealot  
  98  9:30  Zealot x4  
  110  9:34  Probe  
  111  9:40  Stalker x4  
  111  9:44  Pylon  
Show
View Real Time Build Order
Export as new Build Order

Mabadi Terran - Winner!

Build Orders:  

Get SALT Encoding   

  8  0:00  SCV  
  9  0:12  SCV  
  10  0:24  SCV  
  10  0:28  Supply Depot  
  11  0:36  SCV  
  12  0:48  SCV  
  13  0:53  Barracks  
  13  1:02  Refinery  
  13  1:05  SCV  
  14  1:17  SCV  
  15  1:29  SCV  
  16  1:40  Marine  
  16  1:41  Orbital Command  
  17  2:03  Barracks Reactor  
  17  2:10  SCV  
  18  2:22  SCV  
  19  2:25  Command Center  
  19  2:29  Supply Depot  
  19  2:38  Factory  
  19  2:41  SCV  
  19  2:44  Marine  
  20  2:50  Marine  
  22  2:53  SCV  
  22  2:55  Refinery  
  23  3:02  Marine  
  23  3:05  SCV  
  25  3:08  Marine  
  26  3:17  SCV  
  27  3:22  Widow Mine, Starport  
  29  3:34  Supply Depot  
  29  3:37  SCV  
  29  3:40  Orbital Command  
  30  3:45  Widow Mine  
  30  3:48  Marine  
  33  3:51  Marine  
  33  3:54  SCV  
  35  3:59  Medivac  
  37  4:06  SCV x2  
  37  4:08  Factory Tech Lab  
  39  4:10  Marine  
  39  4:11  Marine  
  41  4:18  Engineering Bay  
  41  4:19  SCV  
  41  4:22  SCV  
  43  4:32  Factory Tech Lab  
  43  4:33  Barracks  
  43  4:36  SCV x2  
  45  4:40  Barracks  
  45  4:44  Terran Infantry Weapons Level 1  
  45  4:48  Supply Depot  
  45  4:50  Marine  
  46  4:53  Marine  
  46  4:57  SCV  
  46  4:58  SCV  
  49  5:02  Factory Reactor  
  49  5:13  Marine x2  
  51  5:16  SCV x2  
  53  5:23  Marine  
  53  5:25  Stimpack  
  52  5:28  Starport Reactor  
  52  5:29  SCV  
  52  5:30  SCV  
  52  5:31  Refinery  
  52  5:32  Marine x2  
  52  5:33  Supply Depot  
  56  5:38  Marine, Combat Shield  
  57  5:43  Supply Depot  
  57  5:47  SCV  
  58  5:54  SCV  
  58  5:55  Widow Mine x2  
  63  5:59  Marine  
  63  6:00  Marine, Marauder  
  63  6:02  SCV  
  66  6:05  Marauder  
  66  6:07  Supply Depot  
  66  6:09  Medivac x2  
  72  6:11  Supply Depot  
  72  6:12  SCV  
  72  6:14  SCV  
  72  6:17  Barracks  
  74  6:26  Barracks  
  74  6:29  Marine, Widow Mine x2  
  74  6:31  Marine  
  74  6:32  Marauder  
  82  6:36  Marauder  
  84  6:40  Supply Depot  
  84  6:44  Medivac x2  
  88  6:52  Terran Infantry Armor Level 1  
  88  6:53  Marine x2  
  90  7:01  SCV, Marauder x2  
  90  7:06  Supply Depot x2  
  95  7:10  Marine x2  
  82  7:45  Marine x4  
  82  7:46  Marauder x2, Widow Mine x2  
  88  7:58  SCV x2  
  78  8:10  Marine x4, Marauder  
  78  8:11  Marauder  
  78  8:12  Widow Mine x2, Medivac x2  
  91  8:13  SCV x2  
  91  8:19  Engineering Bay  
  93  8:21  Armory  
  93  8:23  Refinery  
  93  8:25  SCV x2  
  95  8:27  Command Center  
  95  8:28  Marine x3  
  95  8:30  Marine  
  99  8:37  Marauder  
  99  8:38  Marauder, Widow Mine x2  
  107  8:46  Marine x3  
  109  8:51  Marine  
  109  8:53  SCV x2  
  112  8:59  Marauder  
  114  9:22  Marauder  
  114  9:23  Widow Mine  
  114  9:24  Widow Mine  
  114  9:26  Marine x2  
  114  9:35  Ghost Academy  
  114  9:36  Marine x2, SCV x2, Marauder  
  114  9:37  Supply Depot  
  126  9:39  Supply Depot  
  126  9:44  Marauder  
Tags
 
Add a new tag
Caveats
  • Supply blocks, unpowered buildings, or Contaminate may cause inaccurate times.
  • Supply counts are checked every 10 seconds.